 Dungeon Crawl Stone Soup version 0.23.2-1-ga50397a (webtiles) character file.

Game seed: 1496721246088428489

182 Kairos the Shield-Bearer (level 5, 0/42 HPs)
             Began as a Formicid Fighter on Apr 21, 2019.
             Slain by Grinder (5 damage)
             ... on level 3 of the Dungeon.
             The game lasted 00:02:24 (2021 turns).

Kairos the Shield-Bearer (Formicid Fighter)         Turns: 2021, Time: 00:02:26

Health: 0/42       AC:  7    Str: 22    XL:     5   Next: 93%
Magic:  5/5        EV:  8    Int:  7    God:
Gold:   152        SH: 10    Dex: 10    Spells: 4/4 levels left

rFire    . . .     SeeInvis +   a - +0 war axe
rCold    . . .     Gourm    .   c - +0 shield
rNeg     . . .     Faith    .   b - +0 scale mail
rPois    .         Spirit   .   (helmet unavailable)
rElec    .         Reflect  .   (no cloak)
rCorr    .         Harm     .   (no gloves)
MR       .....                  (no boots)
Stlth    ..........             (no amulet)
HPRegen  0.14/turn              (no ring)
MPRegen  0.09/turn              (no ring)

@: glowing
A: permanent stasis, dig shafts and tunnels, four strong arms, antennae 3
a: Dig, Shaft Self


You were on level 3 of the Dungeon.
You were not hungry.

You visited 1 branch of the dungeon, and saw 3 of its levels.

You collected 152 gold pieces.

Inventory:

Hand Weapons
 a - a +0 war axe (weapon)
Missiles
 j - 5 tomahawks (quivered)
Armour
 b - a +0 scale mail (worn)
 c - a +0 shield (worn)
Scrolls
 e - a scroll of noise {unknown}
 i - a scroll of fear {unknown}
 k - a scroll of remove curse
 l - a scroll of amnesia {unknown}
Potions
 d - a potion of might
 g - a potion of curing
 h - 2 potions of heal wounds {unknown}
Comestibles
 f - 5 rations


   Skills:
 + Level 3.9 Fighting
 + Level 3.9 Axes
 + Level 4.0 Armour
 + Level 0.4 Dodging
 + Level 4.7 Shields


You had 4 spell levels left.
You didn't know any spells.
Your spell library was empty.

Dungeon Overview and Level Annotations

Branches:
Dungeon (3/15)

Altars:
Xom
Zin

Annotations:
D:3 Grinder


Innate Abilities, Weirdness & Mutations

You cannot be hasted, slowed, berserked, paralysed or teleported.
You can dig through walls and to a lower floor.
Your four strong arms can wield two-handed weapons with a shield.
You have a pair of large antennae on your head. (SInv)


Message History

Grinder hits you.
You writhe in agony.
You hit Grinder.
Grinder is moderately wounded.
Grinder gestures at you. You resist with significant effort.
You hit Grinder.
Grinder is moderately wounded.
Grinder hits you.
* * * LOW HITPOINT WARNING * * *
You writhe in agony.
* * * LOW HITPOINT WARNING * * *
You completely miss Grinder.
Grinder is moderately wounded.
You block Grinder's attack. x2
You barely miss Grinder.
Grinder is moderately wounded.
Grinder hits you.
* * * LOW HITPOINT WARNING * * *
You writhe in agony.
You die...

...>.#######..........
.........## ####.......
#.........# ##......
#..#####..#######......
#..#...#...............
#._#...#_..........))).
#..#..A#...#######.....
#.†#####...# #......
#.....@5...# #......
##.........# #......
####.....## #......
####### #...... ##.....
##.<.. #####


You could see an angel (confused) and Grinder.

Vanquished Creatures
  Terence (D:3)
  Robin (D:3)
  An adder (D:3)
  A shadow imp (D:2)
  4 oozes
  A worm (D:2)
  2 dart slugs (D:1)
  3 leopard geckos
  11 orcs (D:3)
  3 ball pythons
  3 giant cockroaches
  13 goblins
  11 hobgoblins
  2 jackals (D:2)
  2 quokkas
  6 bats
  7 frilled lizards
  9 kobolds
  7 rats
88 creatures vanquished.

Notes
Turn   | Place    | Note
-------+----------+-------------------------------------------
     0 | D:1      | Kairos the Formicid Fighter began the quest for the Orb.
     0 | D:1      | Reached XP level 1. HP: 18/18 MP: 1/1
   142 | D:1      | Reached XP level 2. HP: 24/24 MP: 2/2
   265 | D:1      | Reached XP level 3. HP: 29/29 MP: 3/3
  1008 | D:2      | Reached XP level 4. HP: 26/37 MP: 4/4
  1490 | D:3      | Noticed Robin
  1503 | D:3      | Killed Robin
  1503 | D:3      | Reached XP level 5. HP: 26/42 MP: 5/5
  1752 | D:3      | Noticed Terence
  1765 | D:3      | Killed Terence
  1993 | D:3      | Found a glowing silver altar of Zin.
  1995 | D:3      | Noticed an angel
  2000 | D:3      | Found a shimmering altar of Xom.
  2001 | D:3      | Noticed Grinder
  2021 | D:3      | Slain by Grinder

Skill      XL: |  1  2  3  4  5 |
---------------+----------------+-----
Shields        | 4 |  4.7
Axes           | 3 |  3.9
Armour         | 4 |  4.0
Fighting       | |  3.9
Dodging        | |  0.4

Action                   |  1- 3 |  4- 6 || total
-------------------------+-------+-------++-------
Melee: War axe           |   101 |   123 ||   224
  Use: Scroll            |     5 |     3 ||     8
  Eat: Chunk             |       |     4 ||     4
Armor: Scale mail        |    53 |    49 ||   102
Dodge: Dodged            |    46 |    50 ||    96
Block: Shield            |    55 |    81 ||   136
